 Dungeon Crawl Stone Soup version 0.31-a0-881-ge136f0c47a (webtiles) character file.

Game seed: 8112368375733648229

633 CowFu the Skirmisher (level 7, 0/40 HPs)
             Began as a Kobold Hunter on Oct 16, 2023.
             Succumbed to a gnoll's poison
             ... on level 4 of the Dungeon.
             The game lasted 00:04:10 (4335 turns).

CowFu the Skirmisher (Kobold Hunter)                Turns: 4335, Time: 00:04:11

Health: 0/40       AC:  4    Str:  5 (8)  XL:     7   Next: 78%
Magic:  7/7        EV: 14    Int:  8 (10) God:
Gold:   92         SH:  0    Dex: 19 (21) Spells: 6/6 levels left

rFire   . . .        a - +0 shortbow
rCold   . . .        (shield currently unavailable)
rNeg    . . .        c - +0 leather armour
rPois   .            (no helmet)
rElec   .            p - +0 cloak
rCorr   .            (no gloves)
SInv    .            (no boots)
Will    +....        (no amulet)
Stlth   +++          (no ring)
HPRegen 0.26/turn    (no ring)
MPRegen 0.10/turn

%: no passive effects
@: lethally poisoned (0 -> -5), enlightened, flying
A: small, no large weapons, nightstalker 3
a: no special abilities


You were on level 4 of the Dungeon.
You visited 1 branch of the dungeon, and saw 5 of its levels.

You collected 92 gold pieces.

Inventory:

Hand Weapons
 a - a +0 shortbow (weapon)
 b - a +0 dagger of venom
 q - a +0 short sword of venom
Armour
 c - a +0 leather armour (worn)
 p - a +0 cloak (worn)
Jewellery
 m - an amulet of faith
Wands
 u - a wand of paralysis (3)
Scrolls
 d - a scroll of fog {unknown}
 f - 2 scrolls of teleportation {unknown}
 g - 2 scrolls of blinking {unknown}
 h - a scroll of noise {unknown}
 i - 2 scrolls of identify {unknown}
 j - a scroll of poison {unknown}
 k - a scroll of butterflies
 l - a scroll of immolation {unknown}
 s - a scroll of vulnerability {unknown}
Potions
 n - a potion of enlightenment
 o - a potion of ambrosia {unknown}
 r - a potion of haste {unknown}
 t - a potion of might {unknown}
 v - a potion of mutation {unknown}


   Skills:
 - Level 2.1 Fighting
 + Level 11.5 Ranged Weapons
 - Level 2.4 Dodging
 - Level 1.3 Stealth


You had 6 spell levels left.
You didn't know any spells.
Your spell library contained the following spells:

 Spells                   Type           Power      Damage    Failure   Level
 Dazzling Flash           Conj/Hex       0%         N/A       91%         3
 Gell's Gravitas          Tloc           0%         N/A       91%         3
 Stone Arrow              Conj/Erth      0%         3d7       91%         3
 Teleport Other           Tloc           0%         N/A       91%         3
 Tukima's Dance           Hex            0%         N/A       91%         3
 Volatile Blastmotes      Fire/Tloc      0%         2d10      91%         3
 Animate Armour           Summ/Erth      0%         N/A       100%        4
 Dimensional Bullseye     Hex/Tloc       0%         N/A       100%        4
 Iskenderun's Mystic Bla  Conj/Tloc      0%         2d3       100%        4
 Dispersal                Tloc           0%         N/A       100%        6
 Starburst                Conj/Fire      0%         6d3       100%        6
 Lehudib's Crystal Spear  Conj/Erth      0%         10d2      100%        8
 Maxwell's Capacitive Co  Air            0%         ∞         100%        8


Dungeon Overview and Level Annotations

Branches:
Dungeon (5/15)
 Temple: D:4-7

Altars:
Nemelex Xobeh
Qazlal
Vehumet
Wu Jian
Zin

Shops:
D:3 *


Innate Abilities, Weirdness & Mutations

You are small and have problems with some larger weapons.
You are completely attuned to the shadows.


Message History

The iguana is severely wounded.
The gnoll hits you with a +0 flail. The iguana bites you!
* * * LOW HITPOINT WARNING * * *
The gnoll closely misses you.
You are too injured to fight recklessly!
You are too injured to fight recklessly!
You are too injured to fight recklessly!
Fire: a) +0 shortbow
Press: ? - help, Q - select action, (/) - cycle Shift-Dir - straight line, f/p - iguana
Aim: an iguana (severely wounded, 71% to hit)
You shoot an arrow. The arrow hits the iguana!
You kill the iguana!
The gnoll closely misses you. The gnoll misses you.
Fire: a) +0 shortbow
Press: ? - help, Q - select action, (/) - cycle Shift-Dir - straight line, f - gnoll
Aim: a gnoll, wielding a +0 flail (lightly wounded, 71% to hit)
You shoot an arrow. The arrow hits the gnoll.
The gnoll is moderately wounded.
An orc comes into view. It is wielding a +0 whip.
The gnoll hits you with a +0 flail.
* * * LOW HITPOINT WARNING * * *
The gnoll barely misses you. The gnoll attacks as it pursues you!
The gnoll hits you with a +0 flail.
* * * LOW HITPOINT WARNING * * *
There is a stone staircase leading up here.
The gnoll closely misses you. The gnoll hits you but does no damage.
You are lethally poisoned!
You climb upwards.
* * * LOW HITPOINT WARNING * * *
You feel very sick.
There is a stone staircase leading down here.
It was a potion of enlightenment.
You feel very buoyant.
You fly up into the air.
* * * LOW HITPOINT WARNING * * *
You feel sick. The gnoll misses you.
It was a potion of degeneration.
There was something very wrong with that liquid.
You feel weakened.
You feel dopey.
You feel clumsy.
You die...

#.##.##.###...## #.#
#.##.##.##.....## #.##
.....##.#.......## #..##
#...###..........####...###
.................'.)......#
#...###..........##.#...#.#
#.......#.......###.#..##.#
..########.....####.#.....#
#.# ##)....@g..#####.# #.#
##..####..# #.# #.# #..#
#..#####.# #.#
###..####........# #.#
#.......#.######.# #.#
#....##.#.# #.# #.###
#.....#.#.# #.# ....#
#.........# #.#
....######.#.###.########.#


You could see a gnoll.

Vanquished Creatures
  Sigmund (D:3)
  Crazy Yiuf (D:2)
  Jessica (D:2)
  A gnoll bouda (D:4)
  An iguana (D:5)
  Ijyb (D:3)
  Natasha (thrice) (D:2)
  3 orc wizards
  6 gnolls
  4 adders
  A worm (D:4)
  4 dart slugs
  8 orcs
  10 ball pythons
  5 bats
  7 endoplasms
  4 giant cockroaches
  6 goblins
  8 hobgoblins
  5 jackals
  4 kobolds
  A quokka (D:1)
  3 frilled lizards
  8 rats
96 creatures vanquished.

Notes
Turn   | Place    | Note
-------+----------+-------------------------------------------
     0 | D:1      | CowFu the Kobold Hunter began the quest for the Orb.
     0 | D:1      | Reached XP level 1. HP: 12/12 MP: 1/1
    80 | D:1      | Reached XP level 2. HP: 15/17 MP: 2/2
   126 | D:1      | Reached skill level 6 in Ranged Weapons
   433 | D:1      | Reached XP level 3. HP: 21/21 MP: 3/3
   697 | D:1      | Found a faded altar of an unknown god.
  1515 | D:2      | Reached skill level 7 in Ranged Weapons
  1522 | D:2      | Noticed Jessica
  1524 | D:2      | Killed Jessica
  1525 | D:2      | Reached XP level 4. HP: 26/26 MP: 4/4
  1680 | D:2      | Found a runed translucent door.
  1683 | D:2      | Noticed Crazy Yiuf
  1738 | D:2      | Noticed Natasha
  1741 | D:2      | Killed Natasha
  1742 | D:2      | Reached XP level 5. HP: 30/30 MP: 5/5
  1767 | D:2      | Noticed Natasha
  1771 | D:2      | Killed Natasha
  1772 | D:2      | Reached skill level 8 in Ranged Weapons
  1788 | D:2      | Noticed Natasha
  1795 | D:2      | Killed Natasha
  2152 | D:2      | Killed Crazy Yiuf
  2257 | D:3      | Found Zin's Purification Station.
  2263 | D:3      | Found a glowing silver altar of Zin.
  2280 | D:3      | Reached skill level 9 in Ranged Weapons
  2280 | D:3      | Reached XP level 6. HP: 26/35 MP: 6/6
  2391 | D:3      | Noticed Sigmund
  2407 | D:3      | Killed Sigmund
  2408 | D:3      | Reached skill level 10 in Ranged Weapons
  2408 | D:3      | Reached XP level 7. HP: 24/40 MP: 7/7
  2538 | D:3      | Noticed Ijyb
  2542 | D:3      | Paralysed by Ijyb for 5 turns
  2561 | D:3      | Killed Ijyb
  3124 | D:4      | Found a sparkling altar of Nemelex Xobeh.
  3224 | D:4      | Reached skill level 11 in Ranged Weapons
  3748 | D:4      | Found a radiant altar of Vehumet.
  3748 | D:4      | Found an ornate altar of the Wu Jian Council.
  4135 | D:4      | Found a stormy altar of Qazlal.
  4304 | D:5      | Entered Level 5 of the Dungeon
  4333 | D:4      | HP: 2/40 [poisoned by a gnoll]
  4335 | D:4      | Succumbed to a gnoll's poison

Illustrated notes

Levels and vault maps discovered:
D:1:      dpeg_arrival_orchard, layout_basic,
          shapermc_ecumenical_altar_mp_ritualfount, chequers_big_river,
          nicolae_titane
D:2:      layout_loops_ring, uniq_jessica, uniq_crazy_yiuf_cottage, uniq_natasha
D:3:      layout_rooms, zin_purify, uniq_ijyb, uniq_sigmund
D:4:      layout_loops_corners, gammafunk_temple_overflow_forgotten,
          lemuel_coloured_pillars_altar
D:5:      layout_gridville, mainiacjoe_overflow_chevrons,
          worldfamousw_hep_ancestral_shrine, temple_green, portal_sewer_entry_f,
          minmay_misc_feat_pillars

Skill      XL: |  1  2  3  4  5  6  7 |
---------------+----------------------+-----
Ranged Weapons | 6 7 9 10 11 | 11.5
Fighting       | |  2.1
Dodging        | |  2.4
Stealth        | |  1.3

Action                     |  1- 3 |  4- 6 |  7- 9 || total
---------------------------+-------+-------+-------++-------
  Melee: Dagger            |       |    13 |    53 ||    66
   Fire: Shortbow          |    79 |    46 |   101 ||   226
    Use: Potion            |       |       |     2 ||     2
   Stab: Sleeping          |       |       |     1 ||     1
 Armour: Leather armour    |     8 |    16 |    80 ||   104
  Dodge: Dodged            |    19 |     5 |    85 ||   109

Table legend: (Time is in decaauts)
 A = Elapsed time spent in this place.
 B = Non-inter-level travel time spent in this place.
 C = Inter-level travel time spent in this place.
 D = Time resting spent in this place.
 E = Time spent auto-exploring this place.
 F = Levels seen in this place.
 G = Mean time per level.
                   A        B        C        D        E       F      G
               +--------+--------+--------+--------+--------+-----+--------+
         Total |   4342 |   4212 |    130 |      0 |   3625 |   5 |  868.4 |
       Dungeon |   4342 |   4212 |    130 |      0 |   3625 |   5 |  868.4 |
               +--------+--------+--------+--------+--------+-----+--------+

Top non-repeatable levels by time:
     D:1: 1352 daAuts
     D:4: 1342 daAuts
     D:2: 856 daAuts
     D:3: 764 daAuts
     D:5: 27 daAuts
